 Dungeon Crawl Stone Soup version 0.24.0-13-gcf9b3192b9 (webtiles) character file.

Game seed: 427479727190099496, levelgen mode: deterministic

183 Gobbopathe the Sneak (level 5, -8/37 HPs)
             Began as a Felid Wanderer on Nov 5, 2019.
             Mangled by an orc warrior
             ... wielding a +0 trident
              (10 damage)
             ... on level 4 of the Dungeon.
             The game lasted 00:13:17 (6626 turns).

Gobbopathe the Sneak (Felid Wanderer)               Turns: 6626, Time: 00:13:18

Health: -8/37      AC: 22    Str: 12    XL:     5   Next: 35%
Magic:  7/7        EV:  4    Int: 12    God:
Gold:   196        SH:  0    Dex: 19    Spells: 5/6 levels left
                                        Lives:  0   Deaths: 1

rFire    . . .     SeeInvis +     - Unarmed
rCold    . . .     Gourm    .   (shield unavailable)
rNeg     + + +     Faith    .   (armour unavailable)
rPois    +         Spirit   .   (helmet unavailable)
rElec    .         Reflect  .   (cloak unavailable)
rCorr    .         Harm     .   (gloves unavailable)
MR       .....     NoTele   +   (boots unavailable)
Stlth    +++.......             (no amulet)
HPRegen  0.12/turn              (no ring)
MPRegen  0.10/turn              (no ring)

@: mighty, tree-form
A: very small, no armour, no weapons or thrown items, stealth, see invisible,
carnivore, slow metabolism 1
a: no special abilities


You were on level 4 of the Dungeon.
You were completely stuffed.
You were a tree.
You visited 1 branch of the dungeon, and saw 4 of its levels.

You collected 223 gold pieces.
You spent 27 gold pieces at shops.

Inventory:

Jewellery
 k - an uncursed amulet of faith
Scrolls
 b - 2 scrolls of teleportation
 e - a scroll of remove curse {unknown}
 f - a scroll of magic mapping {unknown}
 g - a scroll of fear {unknown}
 i - a scroll of amnesia {unknown}
 j - 3 scrolls of blinking {unknown}
Potions
 h - a potion of curing
 l - a potion of agility
Comestibles
 a - 2 chunks of flesh
 d - 9 rations


   Skills:
 + Level 4.4 Fighting
 + Level 4.1 Dodging
 + Level 5.5 Stealth
 - Level 2.0 Unarmed Combat
 - Level 1.0 Spellcasting
   Level 1.1 Transmutations
   Level 1.0 Poison Magic


You had 5 spell levels left.
You knew the following spells:

 Your Spells              Type           Power        Failure   Level  Hunger
a - Sandblast             Erth           #.....       30%         1    ##.....

Your spell library contained the following spells:

 Spells                   Type           Power        Failure   Level  Hunger
 Passwall                 Tmut/Erth      #.......     36%         2    ###....
 Stone Arrow              Conj/Erth      #.....       65%         3    ####...
 Petrify                  Tmut/Erth      #.......     94%         4    #####..
 Lee's Rapid Deconstruct  Erth           #.........   100%        5    ######.


Dungeon Overview and Level Annotations

Branches:
Dungeon (4/15)
 Temple: D:4-7

Altars:
Fedhas
Hepliaklqana
Vehumet
Zin

Shops:
D:4 **


Innate Abilities, Weirdness & Mutations

You cannot wear armour.
You are incapable of wielding weapons or throwing items.
Your paws allow you to move quietly. (Stealth)
((You have sharp claws.))
((You have razor-sharp teeth.))
You have supernaturally acute eyesight. (SInv)
You are carnivorous and can eat meat at any time.
((You cover ground quickly.))
((You are covered in fur. (AC +1)))
You have a slow metabolism.
((Your sharp claws are effective at attacking unaware monsters.))


Message History

Huge Dmg: -3%(-1hp) hp: 3%(1hp)
You closely miss the orc wizard.
The orc wizard is severely wounded.
The orc wizard hits you but does no damage.
The orc hits you but does no damage.
You smack the orc wizard!
You kill the orc wizard!
Your Dodging skill increases to level 4!
The orc barely misses you.
Exp: 29(22%)
You smack the orc!
You kill the orc!
Exp: ~1(1%)
You start resting.
The orc warrior is too close now for your liking.
An orc warrior is nearby!
It was a potion of might.
You feel very mighty all of a sudden.
The orc warrior hits you from afar with a +0 trident!
You die...

#### .....#
$......##
.........######
[.............####
.................##
..............##..##
####
....................
..#
............♣[##...
###.#
............).# #
#...####
............o.#.
.#..#.....
...#####.####.#..
##..##..### #.#
#...o.$... #..# #
#.# #.#..o8#o ##..#
# ##.#
##.#8...(.#.#.## #
#. #..# #.)# .
###.##.# # #. #.##
#..# #...#.#.# #


You could see an orc warrior.

Vanquished Creatures
  2 orc wizards
  8 adders
  3 oozes
  A worm (D:2)
  2 dart slugs
  3 leopard geckos
  12 orcs
  14 bats
  6 giant cockroaches
  2 goblins
  4 hobgoblins
  6 jackals
  5 kobolds
  4 frilled lizards
  8 rats
80 creatures vanquished.

Notes
Turn   | Place    | Note
-------+----------+-------------------------------------------
     0 | D:1      | Gobbopathe the Felid Wanderer began the quest for the Orb.
     0 | D:1      | Gobbopathe set off with the following items: a scroll of
                  | teleportation, a potion of lignification, a ration; and the
                  | following spell memorised: Sandblast; and the following
                  | spells available to memorise: Passwall, Stone Arrow,
                  | Petrify, Lee's Rapid Deconstruction
     0 | D:1      | Reached XP level 1. HP: 10/10 MP: 3/3
   253 | D:1      | Reached skill level 1 in Dodging
   253 | D:1      | Reached skill level 3 in Stealth
   494 | D:1      | Reached XP level 2. HP: 8/14 MP: 4/4
  1878 | D:2      | Reached XP level 3. HP: 17/17 MP: 5/5
  2537 | D:2      | Reached skill level 4 in Stealth
  2900 | D:2      | Reached XP level 4. HP: 22/22 MP: 6/6
  3346 | D:2      | You fall into a shaft and drop 2 floors!
  3621 | D:4      | Found a radiant altar of Vehumet.
  3657 | D:4      | Noticed an orc warrior
  3732 | D:4      | Found a blossoming altar of Fedhas.
  3732 | D:4      | Noticed a centaur
  3735 | D:4      | Shot with an arrow by a centaur
  3736 | D:4      | Reached XP level 3. HP: 0/18 MP: 5/5
  4090 | D:3      | Reached XP level 4. HP: 20/22 MP: 6/6
  4355 | D:3      | Found a hazy altar of Hepliaklqana.
  4370 | D:3      | Reached skill level 5 in Stealth
  5446 | D:3      | Reached XP level 5. HP: 15/25 MP: 7/7
  6130 | D:4      | Found Fakul's Assorted Antiques.
  6132 | D:4      | Found Zin's Purification Station.
  6142 | D:4      | Found a glowing silver altar of Zin.
  6210 | D:4      | Bought a dark potion for 27 gold pieces
  6619 | D:4      | HP: 1/37 [orc wizard/+0 dagger (1)]
  6626 | D:4      | Mangled by an orc warrior

Levels and vault maps discovered:
D:1:      tarquinn_simple_flora_water_b, layout_basic,
          wander_ebering_terrifying_dragon_lair
D:2:      layout_basic
D:3:      layout_loops_ring, lemuel_round_altar, first_ration
D:4:      layout_rooms, fedhas_bush_and_centaur_altar, zin_purify,
          nicolae_overflow_crystal_walls, portal_sewer_entry_b, serial_shops,
          nicolae_shop_crystal, guppyfry_early_orc_mine

Skill      XL: |  1  2  3  4  5 |
---------------+----------------+-----
Dodging        | 1 2 3 4 |  4.1
Stealth        | 3 4 5 |  5.5
Fighting       | 4 |  4.4
Unarmed Combat | |  2.0
Spellcasting   | |  1.0
Transmutations | |  1.1
Poison Magic   | |  1.0

Action                   |  1- 3 |  4- 6 || total
-------------------------+-------+-------++-------
Melee: Unarmed           |   149 |   176 ||   325
       Bite              |    12 |    25 ||    37
       Punch             |     2 |       ||     2
  Use: Potion            |     2 |     3 ||     5
       Scroll            |       |     3 ||     3
 Stab: Sleeping          |    10 |     9 ||    19
       Distracted        |       |     1 ||     1
  Eat: Chunk             |    17 |     7 ||    24
Armor: Skin              |    18 |    15 ||    33
Dodge: Dodged            |    88 |   144 ||   232
